 Dungeon Crawl Stone Soup version 0.23-a0-183-gf37f6fb (webtiles) character file.

81 namelastname112 the Sneak (level 4, 0/37 HPs)
             Began as a Draconian Assassin on Sept 22, 2018.
             Slain by an orc
             ... wielding a +0 short sword
              (6 damage)
             ... on level 3 of the Dungeon.
             The game lasted 00:02:02 (1552 turns).

namelastname112 the Sneak (Draconian Assassin)      Turns: 1552, Time: 00:02:03

Health: 0/37       AC:  6    Str: 13    XL:     4   Next: 19%
Magic:  4/4        EV: 12    Int: 16    God:
Gold:   171        SH:  0    Dex: 14    Spells: 3/3 levels left

rFire    . . .     SeeInvis .   a - +2 dagger
rCold    . . .     Gourm    .   (no shield)
rNeg     . . .     Faith    .   (armour unavailable)
rPois    .         Spirit   .   (helmet restricted)
rElec    .         Reflect  .   c - +0 cloak
rCorr    .         Harm     .   (no gloves)
MR       .....                  (no boots)
Stlth    +++.......             (no amulet)
HPRegen  0.12/turn              (no ring)
MPRegen  0.09/turn              (no ring)

@: brilliant
A: unfitting armour, cold-blooded, AC +5
a: no special abilities


You were on level 3 of the Dungeon.
You were not hungry.

You visited 1 branch of the dungeon, and saw 3 of its levels.

You collected 171 gold pieces.

Inventory:

Hand Weapons
 a - a +2 dagger (weapon)
 b - a +0 blowgun
Missiles
 d - 8 poisoned needles
 e - 2 curare-tipped needles
Armour
 c - a +0 cloak (worn)
Scrolls
 k - a scroll of teleportation {unknown}
 m - a scroll of fog {unknown}
 n - a scroll of magic mapping {unknown}
Potions
 g - a potion of brilliance
 h - a potion of resistance {unknown}
 i - a potion of degeneration {unknown}
 j - 2 potions of ambrosia {unknown}
 l - 2 potions of curing {unknown}
Comestibles
 f - 4 rations
 o - 2 chunks of flesh


   Skills:
 + Level 2.8 Fighting
 * Level 3.0 Short Blades
 + Level 2.1 Throwing
 + Level 1.3 Dodging
 * Level 4.2 Stealth


You had 3 spell levels left.
You didn't know any spells.
Your spell library was empty.

Dungeon Overview and Level Annotations

Branches:
Dungeon (3/15)

Altars:


Innate Abilities, Weirdness & Mutations

Your plain brown scales are hard. (AC +5)
You cannot fit into any form of body armour.
You are cold-blooded and may be slowed by cold attacks.


Message History

The orc misses you.
You barely miss the orc.
Your tail-slap misses the orc.
The orc is moderately wounded.
An orc comes into view. It is wielding a dagger.
The orc hits you but does no damage.
You hit the orc but do no damage.
The orc is moderately wounded.
The orc hits you with a short sword.
* * * LOW HITPOINT WARNING * * *
You take 5 damage, and have 6/37 hp.
You completely miss the orc.
The orc is moderately wounded.
The orc misses you.
You hit the orc.
The orc is heavily wounded.
The orc closely misses you.
It was a potion of brilliance.
You feel clever all of a sudden. The orc hits you with a short sword.
You die...

#.# #.# #.##
#<.# ##.# #.#
#.# #.# #@# .
#o# .s. #s#
>..o# #o#
.....o##o####
#.)oo.>.#
#......)#
#.......#
#########


You could see 5 orcs and a giant cockroach.

Vanquished Creatures
  An adder (D:3)
  2 worms
  3 dart slugs (D:2)
  4 leopard geckos
  3 orcs (D:3)
  5 bats
  4 giant cockroaches
  5 goblins
  5 hobgoblins
  2 jackals (D:1)
  8 kobolds
  A quokka (D:2)
  A frilled lizard (D:1)
  3 rats
47 creatures vanquished.

Notes
Turn   | Place    | Note
-------+----------+-------------------------------------------
     0 | D:1      | namelastname112 the Draconian Assassin began the quest for
                  | the Orb.
     0 | D:1      | Reached XP level 1. HP: 17/17 MP: 1/1
    30 | D:1      | Reached skill level 1 in Dodging
   109 | D:1      | Reached XP level 2. HP: 25/25 MP: 2/2
  1017 | D:2      | Reached XP level 3. HP: 20/30 MP: 3/3
  1041 | D:2      | Reached skill level 4 in Stealth
  1430 | D:2      | You fall through a shaft!
  1525 | D:3      | Reached XP level 4. HP: 25/37 MP: 4/4
  1552 | D:3      | Slain by an orc

Vault maps used:
D:1:      saegor_arrival_miasma, serial_bayou_ford_a
D:2:      minivault_27
D:3:      first_ration, cheibrodos_sewer_entry_sluice

Skill      XL: |  1  2  3  4 |
---------------+-------------+-----
Dodging        | 1 |  1.3
Throwing       | 2 |  2.1
Stealth        | 4 |  4.2
Short Blades   | 3 |  3.0
Fighting       | |  2.8

Action                   |  1- 3 |  4- 6 || total
-------------------------+-------+-------++-------
Melee: Dagger            |   145 |    17 ||   162
       Tailslap          |    17 |     2 ||    19
  Use: Potion            |       |     1 ||     1
 Stab: Sleeping          |    12 |       ||    12
  Eat: Chunk             |     2 |       ||     2
Armor: Skin              |    45 |     1 ||    46
Dodge: Dodged            |    86 |    12 ||    98

Table legend:
 A = Non-vault XP
 B = Vault XP
 C = Vault XP percentage of total XP
 D = Non-vault monster count
 E = Vault monster count
 F = Vault count percentage of total count
                 A         B        C        D         E       F
            +---------+---------+-------+---------+---------+-------
      Total |     116 |       0 |   0.0 |      47 |       0 |   0.0
            +---------+---------+-------+---------+---------+-------
        D:1 |      35 |       0 |   0.0 |      19 |       0 |   0.0
        D:2 |      43 |       0 |   0.0 |      17 |       0 |   0.0
        D:3 |      38 |       0 |   0.0 |      11 |       0 |   0.0
            +---------+---------+-------+---------+---------+-------
